 Dungeon Crawl Stone Soup version 0.29-a0-330-g52719c12eb (webtiles) character file.

Game seed: 7992393722327318907

1238 Crownlay the Magician (level 8, -1/41 HPs)
             Began as a Gargoyle Earth Elementalist on May 7, 2022.
             Slain by Duvessa
             ... wielding a +0 short sword
              (3 damage)
             ... on level 5 of the Dungeon.
             The game lasted 00:09:58 (4395 turns).

Crownlay the Magician (Gargoyle Earth Elementalist) Turns: 4395, Time: 00:09:59

Health: -1/41      AC: 12    Str: 11    XL:     8   Next: 49%
Magic:  16/19      EV: 11    Int: 19    God:
Gold:   208        SH:  0    Dex: 10    Spells: 18/22 levels left

rFire   . . .      SeeInvis .   g - +3 dagger (venom)
rCold   . . .      Faith    .   (no shield)
rNeg    + . .      Spirit   .   y - +2 robe {Will+}
rPois   ∞          Reflect  .   t - +2 helmet
rElec   +          Harm     .   (no cloak)
rCorr   .          Rampage  .   (no gloves)
Will    +....                   (no boots)
Stlth   ++........              (no amulet)
HPRegen 0.13/turn               (no ring)
MPRegen 0.16/turn               (no ring)

@: invisible
A: sickness immunity, AC +5, negative energy resistance 1, electricity
resistance, torment resistance 1, petrification resistance
a: no special abilities


You were on level 5 of the Dungeon.
You visited 1 branch of the dungeon, and saw 5 of its levels.

You collected 208 gold pieces.

Inventory:

Hand Weapons
 g - a +3 dagger of venom (weapon)
Missiles
 a - 19 stones
 e - a throwing net
Armour
 t - a +2 helmet (worn)
 y - a +2 robe of willpower (worn)
Jewellery
 s - an amulet of reflection
Wands
 h - a wand of digging (3)
 q - a wand of paralysis (2)
 x - a wand of acid (6)
Scrolls
 f - 2 scrolls of immolation
 l - 2 scrolls of magic mapping
 n - a scroll of vulnerability {unknown}
 p - 3 scrolls of holy word {unknown}
 r - a scroll of teleportation
 v - a scroll of identify
Potions
 c - 3 potions of magic
 d - a potion of cancellation
 i - a potion of berserk rage {unknown}
 j - 2 potions of flight {unknown}
 m - 2 potions of lignification
 o - 2 potions of mutation {unknown}
 u - a potion of attraction {unknown}
 w - 2 potions of degeneration {unknown}


   Skills:
 - Level 1.5 Dodging
 - Level 2.1 Stealth
 * Level 7.7 Spellcasting
 - Level 0.7 Transmutations
 + Level 7.7 Earth Magic


You had 18 spell levels left.
You knew the following spells:

 Your Spells              Type           Power      Damage    Failure   Level
a - Sandblast             Erth           72%        2d16      1%          1
b - Stone Arrow           Conj/Erth      44%        3d9       6%          3

Your spell library contained the following spells:

 Spells                   Type           Power      Damage    Failure   Level
 Passwall                 Tmut/Erth      19%        N/A       2%          2
 Corpse Rot               Necr/Air       14%        N/A       14%         2
 Poisonous Vapours        Pois/Air       14%        N/A       14%         2
 Petrify                  Tmut/Erth      23%        N/A       16%         4


Dungeon Overview and Level Annotations

Branches:
Dungeon (5/15)
 Temple: D:4-7

Altars:
Gozag
Sif Muna

Shops:
D:4 (

Annotations:
D:5 Duvessa


Innate Abilities, Weirdness & Mutations

You are immune to sickness and miasma.
Your stone body is resilient. (AC +5)
You are immune to poison.
You resist negative energy. (rN+)
You are resistant to electric shocks. (rElec)
You are resistant to unholy torment.
You are immune to petrification.


Message History

You closely miss Dowan.
Dowan is severely wounded.
Dowan hits you with a +0 dagger.
You miss Dowan.
Dowan is almost dead.
Dowan points at you and mumbles some strange words.
The puff of frost hits you.
You hit Dowan.
You kill Dowan!
Something screams in rage.
You hear a shout!
You hear an angry hiss.
Duvessa appears from thin air!
Reactivating autopickup.
Duvessa rages.
Duvessa hits you with a +0 short sword!
You hear an angry hiss.
Casting: Stone Arrow (dangerous; 6% risk of failure)
Confirm with . or Enter, or press ? or * to list all spells.
Aiming: Stone Arrow (dangerous; 6% risk of failure)
Press: ? - help, Shift-Dir - straight line, f - Duvessa
Aim: Duvessa, wielding a +0 short sword and wearing a +1 leather armour of cold resistance (lightly wounded, berserk, 75% to hit)
The stone arrow hits Duvessa!
Duvessa is moderately wounded.
Duvessa hits you with a +0 short sword!
* * * LOW HITPOINT WARNING * * *
Duvessa closely misses you.
Casting: Stone Arrow (dangerous; 6% risk of failure)
Confirm with . or Enter, or press ? or * to list all spells.
Aiming: Stone Arrow (dangerous; 6% risk of failure)
Press: ? - help, Shift-Dir - straight line, f/p - Duvessa
Aim: Duvessa, wielding a +0 short sword and wearing a +1 leather armour of cold resistance (moderately wounded, berserk, 75% to hit)
Okay, then.
Okay, then.
Okay, then.
Press: ? - help, v - describe, . - travel
Here: Duvessa, wielding a +0 short sword and wearing a +1 leather armour of cold resistance (moderately wounded, berserk)
The floor.
You fade into invisibility!
Duvessa hits you with a +0 short sword.
You die...

####################
#>......).e@.......####
#†##############......#
######...# #......#
e......#....# #......#
.......#....# #......#
.......# ...# #......#
.{.....# ####
#......###### .......#
#......##.... ........
#......##....


You could see Duvessa (berserk, can't see you).

Vanquished Creatures
  Pikel (D:5)
  Menkaure (D:4)
  An ogre (D:5)
  A lemure (D:5)
  Blork the orc (D:5)
  A scorpion (D:3)
  Dowan (D:5)
  2 orc priests (D:4)
  Jessica (D:2)
  Natasha (thrice) (D:3)
  3 iguanas
  Robin (D:3)
  5 adders
  A white imp (D:5)
  3 dart slugs
  6 orcs
  9 ball pythons
  5 bats
  6 endoplasms
  5 giant cockroaches
  12 goblins
  3 hobgoblins
  7 jackals
  7 kobolds
  4 quokkas
  A frilled lizard (D:2)
  5 rats
96 creatures vanquished.

Notes
Turn   | Place    | Note
-------+----------+-------------------------------------------
     0 | D:1      | Crownlay the Gargoyle Earth Elementalist began the quest
                  | for the Orb.
     0 | D:1      | Reached XP level 1. HP: 10/10 MP: 3/3
   141 | D:1      | Reached XP level 2. HP: 13/15 MP: 5/5
   379 | D:1      | Noticed a shining eye
   381 | D:1      | Found a faded altar of an unknown god.
   384 | D:1      | Noticed a great orb of eyes
   385 | D:1      | Noticed a golden eye
   385 | D:1      | Noticed a floating eye
   511 | D:1      | Reached XP level 3. HP: 7/19 MP: 7/7
   515 | D:1      | Learned a level 3 spell: Stone Arrow
  1063 | D:2      | Noticed Jessica
  1074 | D:2      | Killed Jessica
  1075 | D:2      | Reached XP level 4. HP: 24/24 MP: 5/9
  1815 | D:3      | Noticed Natasha
  1819 | D:3      | Killed Natasha
  1820 | D:3      | Reached XP level 5. HP: 28/28 MP: 6/11
  1859 | D:3      | Noticed Natasha
  1892 | D:3      | Noticed Robin
  1902 | D:3      | Killed Robin
  2065 | D:3      | Reached skill level 5 in Earth Magic
  2144 | D:3      | Found a shimmering blue altar of Sif Muna.
  2161 | D:3      | Identified the +2 robe "Ryvyacoa" {rPois rF+ Int-4 Dex+4}
  2485 | D:3      | Killed Natasha
  2486 | D:3      | Reached XP level 6. HP: 32/32 MP: 9/13
  2761 | D:3      | Noticed Natasha
  2766 | D:3      | Killed Natasha
  2847 | D:4      | Reached skill level 5 in Spellcasting
  3142 | D:4      | Noticed Menkaure
  3147 | D:4      | Killed Menkaure
  3148 | D:4      | Reached XP level 7. HP: 29/36 MP: 5/15
  3534 | D:4      | Found an opulent altar of Gozag.
  3548 | D:4      | Found Juj Zoit's Weapon Emporium.
  3736 | D:5      | Entered Level 5 of the Dungeon
  4011 | D:5      | Noticed Blork the orc
  4013 | D:5      | Noticed Pikel
  4049 | D:5      | Killed Pikel
  4050 | D:5      | Reached XP level 8. HP: 21/41 MP: 6/19
  4052 | D:5      | Killed Blork the orc
  4370 | D:5      | Noticed Duvessa
  4370 | D:5      | Noticed Dowan
  4391 | D:5      | Killed Dowan
  4394 | D:5      | HP: 2/41 [Duvessa/+0 short sword (14)]
  4395 | D:5      | Slain by Duvessa

Illustrated notes

Levels and vault maps discovered:
D:1:      lightli_arrival_maybe_door_vault, layout_rooms,
          hellmonk_ecumenical_altar_watching_god, grunt_decor_clamped,
          minmay_misc_feat_roman, nicolae_concentric_dashed_squares_mild,
          nicolae_figureground_sparkle
D:2:      layout_rooms, uniq_jessica
D:3:      layout_basic, nicolae_sif_muna_little_library,
          minmay_misc_feat_enclosed, uniq_robin, uniq_natasha
D:4:      layout_basic, grunt_gozag_statues, serial_shops,
          nicolae_shop_behind_doors, uniq_menkaure, uniq_crazy_yiuf_cottage
D:5:      layout_basic, serial_shops, shop_fountains, minivault_1,
          doesnt_shop_hydraphobe, uniq_pikel, uniq_duvessa, uniq_blork_the_orc

Skill      XL: |  1  2  3  4  5  6  7 |
---------------+----------------------+-----
Earth Magic    | 4 5 6 7 |  7.7
Spellcasting   | 3 4 5 7 |  7.7
Dodging        | |  1.5
Stealth        | |  2.1
Transmutations | |  0.7

Action                   |  1- 3 |  4- 6 |  7- 9 || total
-------------------------+-------+-------+-------++-------
Melee: Dagger            |    49 |    58 |    26 ||   133
       Punch             |       |     1 |       ||     1
 Cast: Sandblast         |     7 |    59 |    17 ||    83
       Stone Arrow       |       |     3 |    13 ||    16
  Use: Scroll            |     3 |     3 |       ||     6
       Potion            |       |       |     1 ||     1
 Stab: Sleeping          |     1 |     3 |       ||     4
Armor: Robe              |    20 |    34 |     7 ||    61
Dodge: Dodged            |    28 |    49 |    14 ||    91

Table legend: (Time is in decaauts)
 A = Elapsed time spent in this place.
 B = Non-inter-level travel time spent in this place.
 C = Inter-level travel time spent in this place.
 D = Time resting spent in this place.
 E = Time spent auto-exploring this place.
 F = Levels seen in this place.
 G = Mean time per level.
                   A        B        C        D        E       F      G
               +--------+--------+--------+--------+--------+-----+--------+
         Total |   4401 |   4286 |    115 |      0 |   3651 |   5 |  880.2 |
       Dungeon |   4401 |   4286 |    115 |      0 |   3651 |   5 |  880.2 |
               +--------+--------+--------+--------+--------+-----+--------+

Top non-repeatable levels by time:
     D:3: 1248 daAuts
     D:1: 1037 daAuts
     D:4: 895 daAuts
     D:5: 658 daAuts
     D:2: 560 daAuts
